[Event "January 9 Late 2024"]
[Site "https://www.chess.com"]
[Date "2024.01.09"]
[Round "10"]
[White "Lemos, Dawton Almino"]
[Black "Mullodzhanov, Nathaniel"]
[Result "0-1"]
[Board "98"]
[TimeControl "180+1"]
[WhiteFideId "2146797"]
[BlackFideId "30961580"]
[WhiteElo "2362"]
[BlackElo "2505"]
[WhiteTeam "BRA"]
[BlackTeam "USA"]
[WhiteClock "0:00:00"]
[BlackClock "0:01:45"]

1. e4 c6 2. d3 d5 3. Nd2 dxe4 4. dxe4 Nf6 5. Ngf3 Bg4 6. h3 Bxf3 7. Qxf3 e6 8. Be2 Nbd7 9. O-O Bd6 10. Nc4 Bc7 11. a4 b5 12. Nd2 Ne5 13. Qc3 a6 14. f4 Bb6+ 15. Kh2 Bd4 16. Qg3 Ng6 17. Nb3 Bb6 18. axb5 axb5 19. Be3 Nxe4 20. Qf3 Bxe3 21. Qxe4 Bxf4+ 22. Rxf4 Rxa1 23. Nxa1 Qd6 24. g3 Nxf4 25. Qxf4 Qxf4 26. gxf4 Ke7 27. Nb3 Ra8 28. Bf3 Ra2 29. Bxc6 Rxb2 30. Bxb5 Rxc2+ 31. Kg3 Rc3+ 0-1

[Event "January 9 Late 2024"]
[Site "https://www.chess.com"]
[Date "2024.01.09"]
[Round "10"]
[White "Soderstrom, Adrian"]
[Black "Zhukov, Maksim"]
[Result "0-1"]
[Board "99"]
[TimeControl "180+1"]
[WhiteFideId "1745786"]
[BlackFideId "34181790"]
[WhiteElo "2494"]
[BlackElo "2297"]
[WhiteTeam "SWE"]
[BlackTeam "RUS"]
[WhiteClock "0:00:09"]
[BlackClock "0:00:54"]

1. e4 c5 2. Nf3 e6 3. d4 cxd4 4. Nxd4 a6 5. Bd3 Bc5 6. Nb3 Ba7 7. O-O Nc6 8. Qe2 d6 9. Be3 Bxe3 10. Qxe3 Nf6 11. Nc3 e5 12. Rad1 Be6 13. Qe2 Qc7 14. Kh1 O-O 15. h3 b5 16. a3 Rac8 17. Nc1 Nd4 18. Qe1 Bc4 19. Bxc4 bxc4 20. Rd2 Qb7 21. N1e2 Nxe2 22. Qxe2 Qxb2 23. Qe3 Qxa3 24. f4 exf4 25. Rxf4 Rfe8 26. Rdf2 Nxe4 27. Rxe4 Rxe4 28. Qa7 Re1+ 29. Kh2 Rf8 30. Nd5 Qc5 31. Qxc5 dxc5 32. Rf4 Rd8 33. Nc3 Rc1 34. Rxc4 Rxc2 35. Rxc5 h6 36. h4 Rdd2 37. Kh3 Rd3+ 38. g3 Rdxc3 39. Ra5 Rd2 40. h5 Rdd3 41. Rxa6 Rxg3+ 42. Kh4 Rgd3 43. Ra4 Kh7 44. Rb4 f5 45. Rb3 Rh3# 0-1

[Event "January 9 Late 2024"]
[Site "https://www.chess.com"]
[Date "2024.01.09"]
[Round "10"]
[White "Tqebuchava, Zurab"]
[Black "Mizzi, Jack"]
[Result "0-1"]
[Board "100"]
[TimeControl "180+1"]
[WhiteFideId "13601113"]
[BlackFideId "5602521"]
[WhiteElo "2201"]
[BlackElo "2489"]
[WhiteTeam "GEO"]
[BlackTeam "MLT"]
[WhiteClock "0:00:21"]
[BlackClock "0:02:17"]

1. e4 c6 2. d4 d5 3. exd5 cxd5 4. Bd3 Nc6 5. c3 Qc7 6. h3 Nf6 7. Nf3 g6 8. O-O Bf5 9. Bxf5 gxf5 10. Re1 e6 11. Bg5 Ne4 12. Be3 f4 13. Bc1 O-O-O 14. a4 Rg8 15. a5 f5 16. a6 Qg7 17. axb7+ Kb8 18. Nh4 Qg5 19. g3 Nxf2 20. Qf3 Qxg3+ 21. Qxg3 fxg3 22. Bf4+ Kxb7 23. Kg2 Nd3 24. Rf1 Be7 25. Rf3 Ne1+ 0-1

[Event "January 9 Late 2024"]
[Site "https://www.chess.com"]
[Date "2024.01.09"]
[Round "10"]
[White "Eggleston, Thomas A"]
[Black "Suich, Peter D"]
[Result "0-1"]
[Board "101"]
[TimeControl "180+1"]
[WhiteFideId "412139"]
[BlackFideId "2050366"]
[WhiteElo "2281"]
[BlackElo "2487"]
[WhiteTeam "ENG"]
[BlackTeam "USA"]
[WhiteClock "0:00:00"]
[BlackClock "0:00:18"]

1. e4 c5 2. Nf3 e6 3. g3 d5 4. e5 Nc6 5. h4 Nge7 6. c3 d4 7. Bg2 Qc7 8. O-O Ng6 9. cxd4 cxd4 10. d3 Ngxe5 11. Nxe5 Nxe5 12. Re1 Bd6 13. Na3 a6 14. Bf4 O-O 15. Rc1 Qb8 16. Qa4 Nxd3 17. Bxd6 Qxd6 18. Nc4 Qe7 19. Nb6 Rb8 20. Nxc8 Rfxc8 21. Rxc8+ Rxc8 22. Rf1 e5 23. Qb3 Nc5 24. Rc1 Qf8 25. Qb6 d3 26. b4 d2 27. Rd1 Na4 28. Qxb7 Rc1 29. Bf3 Nc3 30. Qxf7+ Kxf7 31. Bd5+ Nxd5 0-1

[Event "January 9 Late 2024"]
[Site "https://www.chess.com"]
[Date "2024.01.09"]
[Round "10"]
[White "Garrido Diaz, Jose Antonio"]
[Black "Ghosh, Chanchal Kumer"]
[Result "1-0"]
[Board "102"]
[TimeControl "180+1"]
[WhiteFideId "24516252"]
[BlackFideId "10201858"]
[WhiteElo "2459"]
[BlackElo "2145"]
[WhiteTeam "ESP"]
[BlackTeam "BAN"]
[WhiteClock "0:01:48"]
[BlackClock "0:00:00"]

1. d4 d5 2. Nf3 e6 3. c4 Nf6 4. Nc3 c6 5. e3 Nbd7 6. Qc2 Bd6 7. g4 Nxg4 8. Rg1 Nxh2 9. Nxh2 Bxh2 10. Rxg7 Qf6 11. Rxh7 Nf8 12. Rxh8 Qxh8 13. b3 e5 14. Bb2 exd4 15. Ne2 Be5 16. Nxd4 c5 17. Nb5 Bxb2 18. Rd1 Be5 19. Rxd5 Ne6 20. Qe4 Bc3+ 21. Kd1 Ba5 22. Nd6+ Kf8 23. Rf5 Qa1+ 24. Ke2 Qe1+ 25. Kf3 Qd1+ 26. Kg2 Bd7 27. Rxf7+ Kg8 28. Qg6+ 1-0

[Event "January 9 Late 2024"]
[Site "https://www.chess.com"]
[Date "2024.01.09"]
[Round "10"]
[White "Peycheva, Gergana"]
[Black "Antunes, Luciano Justi"]
[Result "1-0"]
[Board "103"]
[TimeControl "180+1"]
[WhiteFideId "2916711"]
[BlackFideId "2126893"]
[WhiteElo "2446"]
[BlackElo "2139"]
[WhiteTeam "BUL"]
[BlackTeam "BRA"]
[WhiteClock "0:00:45"]
[BlackClock "0:00:19"]

1. d4 Nf6 2. c4 g6 3. Nc3 d5 4. cxd5 Nxd5 5. Nf3 Bg7 6. Qb3 Nb6 7. e3 O-O 8. Bd2 c6 9. Bd3 Be6 10. Qc2 Bc4 11. O-O N8d7 12. Rfd1 Bxd3 13. Qxd3 e5 14. Be1 exd4 15. Nxd4 Qe7 16. Nce2 Nc5 17. Qc2 Ne6 18. Nxe6 Qxe6 19. Bc3 Bxc3 20. Qxc3 Rad8 21. Nf4 Qg4 22. Rxd8 Rxd8 23. h3 Rd1+ 24. Kh2 Qd7 25. Rxd1 Qxd1 26. Qe5 Qd8 27. b3 h6 28. a4 Kh7 29. Ne2 Nd5 30. Ng3 Qe7 31. Qb8 a6 32. e4 Qc7 33. Qf8 Nf4 34. e5 h5 35. Ne4 Qxe5 36. Qxf7+ Kh6 37. Qf8+ Qg7 38. Qxf4+ Kh7 39. Ng5+ Kg8 40. Qd6 Qc3 41. Qxg6+ Kf8 42. Qf7# 1-0

[Event "January 9 Late 2024"]
[Site "https://www.chess.com"]
[Date "2024.01.10"]
[Round "10"]
[White "Kraiouchkine, Nikita"]
[Black "Goncalves, Samuel Jesus P"]
[Result "1-0"]
[Board "104"]
[TimeControl "180+1"]
[WhiteFideId "2607140"]
[BlackFideId "1945130"]
[WhiteElo "2602"]
[BlackElo "2396"]
[WhiteTeam "CAN"]
[BlackTeam "POR"]
[WhiteClock "0:00:37"]
[BlackClock "0:00:12"]

1. e4 d5 2. exd5 Qxd5 3. Nc3 Qa5 4. d4 c6 5. Nf3 Nf6 6. Bc4 Bf5 7. Bd2 Qc7 8. Ne5 e6 9. g4 Bg6 10. h4 Nbd7 11. Bf4 Bd6 12. Qe2 b5 13. Bxe6 fxe6 14. Nxg6 O-O-O 15. Bxd6 Qxd6 16. Nxh8 Rxh8 17. O-O-O a5 18. Kb1 a4 19. Ne4 Nxe4 20. Qxe4 a3 21. b3 Kb7 22. c3 Rf8 23. f3 Rf4 24. Qe3 Nb6 25. Qe5 Qxe5 26. dxe5 Rxf3 27. Rhf1 Rg3 28. Rf7+ Kc8 29. Rd6 Rg1+ 30. Kc2 Rg2+ 31. Kd3 Rg3+ 32. Kd4 Rxg4+ 33. Kc5 Nd5 34. Kxc6 Rg3 35. Rf8# 1-0

[Event "January 9 Late 2024"]
[Site "https://www.chess.com"]
[Date "2024.01.09"]
[Round "10"]
[White "Ibadov, Dashgyn"]
[Black "Bueno, Alfeu Junior Varela"]
[Result "1-0"]
[Board "105"]
[TimeControl "180+1"]
[WhiteFideId "24107514"]
[BlackFideId "2108879"]
[WhiteElo "2602"]
[BlackElo "2380"]
[WhiteTeam "FID"]
[BlackTeam "BRA"]
[WhiteClock "0:00:24"]
[BlackClock "0:00:03"]

1. e4 e6 2. d4 d5 3. Nc3 Nf6 4. e5 Nfd7 5. Nce2 c5 6. c3 Nc6 7. Nf3 cxd4 8. cxd4 f6 9. Nf4 Bb4+ 10. Bd2 Qe7 11. Bxb4 Qxb4+ 12. Qd2 Qe7 13. Bb5 O-O 14. Bxc6 bxc6 15. O-O fxe5 16. dxe5 Rb8 17. Nd4 Nxe5 18. Rae1 Nc4 19. Qc1 Qd6 20. Nfxe6 Bxe6 21. Rxe6 Qc5 22. Nxc6 Rxb2 23. Ne7+ Kh8 24. Rc6 Qd4 25. Nf5 Qe5 26. Ng3 Rxa2 27. Qb1 h6 28. Qxa2 1-0

[Event "January 9 Late 2024"]
[Site "https://www.chess.com"]
[Date "2024.01.10"]
[Round "10"]
[White "Saha, Ananda"]
[Black "Argandona Riveiro, Inigo"]
[Result "0-1"]
[Board "106"]
[TimeControl "180+1"]
[WhiteFideId "2619644"]
[BlackFideId "2212072"]
[WhiteElo "2497"]
[BlackElo "2394"]
[WhiteTeam "CAN"]
[BlackTeam "ESP"]
[WhiteClock "0:00:03"]
[BlackClock "0:00:19"]

1. d4 d6 2. e4 Nf6 3. Nc3 e5 4. dxe5 dxe5 5. Qxd8+ Kxd8 6. Bg5 Be6 7. Nf3 Nd7 8. O-O-O Bd6 9. Nd5 Bxd5 10. exd5 h6 11. Bd2 Nxd5 12. Bxh6 Rxh6 13. Rxd5 Nf6 14. Rd2 e4 15. Nd4 Rh5 16. Nb5 Rd5 17. Nxd6 Rxd6 18. Bc4 Ke7 19. Rxd6 cxd6 20. Kd2 d5 21. Bb3 b5 22. h3 Kd6 23. Ke3 g5 24. Rd1 Ke5 25. c3 a5 26. g3 a4 27. Bc2 a3 28. b4 Rc8 29. Kd2 Rc7 30. Bb3 e3+ 31. Kxe3 Rxc3+ 32. Ke2 d4 33. Bxf7 Ne4 34. Bb3 d3+ 35. Rxd3 Rxd3 36. Kxd3 Nxf2+ 37. Kc3 Nxh3 38. Bf7 Nf2 39. Kb3 Ne4 40. g4 Nf6 41. Kxa3 Nxg4 42. Be8 Ne3 43. Bxb5 g4 44. Bc6 g3 45. Bf3 Kf4 46. Bh1 Nd1 47. Kb3 Nf2 48. Bc6 Ne4 49. Bxe4 Kxe4 50. b5 g2 51. Kb4 g1=Q 52. a4 Qe1+ 53. Kc5 Qc3+ 54. Kb6 Kd5 55. a5 Kd6 56. Ka6 Kc7 57. b6+ Kb8 0-1

[Event "January 9 Late 2024"]
[Site "https://www.chess.com"]
[Date "2024.01.09"]
[Round "10"]
[White "Harriott, Tyrell"]
[Black "Jaiveer Mahendru"]
[Result "1-0"]
[Board "107"]
[TimeControl "180+1"]
[WhiteFideId "2086484"]
[BlackFideId "25611151"]
[WhiteElo "2364"]
[BlackElo "2482"]
[WhiteTeam "USA"]
[BlackTeam "IND"]
[WhiteClock "0:00:09"]
[BlackClock "0:00:29"]

1. d4 d6 2. e3 e6 3. Bd3 Nf6 4. f4 Nc6 5. c3 Be7 6. Nf3 e5 7. Nbd2 O-O 8. O-O Nd5 9. Ne4 f5 10. Bc4 Be6 11. Neg5 Bxg5 12. Nxg5 Qe7 13. dxe5 Nxe5 14. Bxd5 Bxd5 15. Qxd5+ Kh8 16. Qxb7 Ng4 17. Qf3 Rae8 18. e4 h6 19. exf5 Nxh2 20. Kxh2 hxg5 21. fxg5 Qe5+ 22. Kh1 Kg8 23. Qg4 Qb5 24. c4 Qe5 25. g6 Rf6 26. Bg5 Rb8 27. Qh3 Rxb2 28. Qh7+ Kf8 29. Qh8+ Ke7 30. Qxg7+ Ke8 31. Qxf6 Qxf6 32. Bxf6 Re2 33. Rae1 Rxe1 34. Rxe1+ Kf8 35. Re7 c5 36. Rd7 Ke8 37. Rd8# 1-0

[Event "January 9 Late 2024"]
[Site "https://www.chess.com"]
[Date "2024.01.10"]
[Round "10"]
[White "Jazdanovs, Aleksandrs"]
[Black "Uz, Kagan"]
[Result "1/2-1/2"]
[Board "108"]
[TimeControl "180+1"]
[WhiteFideId "11604492"]
[BlackFideId "30986680"]
[WhiteElo "2332"]
[BlackElo "2453"]
[WhiteTeam "LAT"]
[BlackTeam "USA"]
[WhiteClock "0:01:12"]
[BlackClock "0:00:01"]

1. e4 e5 2. Nf3 f5 3. Nxe5 Nc6 4. Nxc6 dxc6 5. Nc3 Bc5 6. Bc4 Bxf2+ 7. Kxf2 Qd4+ 8. Kf1 Qxc4+ 9. d3 Qc5 10. Qf3 Ne7 11. Qe3 Qa5 12. h3 fxe4 13. Nxe4 O-O+ 14. Ke2 Qh5+ 15. Ke1 Bf5 16. Bd2 Bxe4 17. dxe4 Rae8 18. Rf1 Nf5 19. Qd3 Qh4+ 20. Kd1 Rxe4 21. g4 Rd4 22. Qb3+ Kh8 23. gxf5 Rfd8 24. Qe3 Rxd2+ 25. Qxd2 Rxd2+ 26. Kxd2 Qd4+ 27. Ke2 Qxb2 28. Rad1 Qxc2+ 29. Rd2 Qe4+ 30. Kd1 h5 31. f6 Qb1+ 32. Ke2 Qb5+ 33. Ke1 Qe5+ 34. Re2 Qa1+ 35. Kd2 Qd4+ 36. Ke1 Qa1+ 37. Kf2 Qxf6+ 38. Kg2 Qg5+ 39. Kh2 Kh7 40. Rg2 Qe5+ 41. Kh1 Qe4 42. Rf7 Qe1+ 43. Kh2 Qe5+ 44. Kh1 Qa1+ 45. Kh2 Qe5+ 46. Kg1 Qe1+ 47. Kh2 Qe5+ 1/2-1/2

[Event "January 9 Late 2024"]
[Site "https://www.chess.com"]
[Date "2024.01.09"]
[Round "10"]
[White "Sarkar, Justin"]
[Black "D`Arruda, Ricardo D."]
[Result "1-0"]
[Board "109"]
[TimeControl "180+1"]
[WhiteFideId "2010011"]
[BlackFideId "100692"]
[WhiteElo "2320"]
[BlackElo "2451"]
[WhiteTeam "USA"]
[BlackTeam "ARG"]
[WhiteClock "0:00:08"]
[BlackClock "0:00:12"]

1. d4 Nf6 2. c4 e5 3. dxe5 Ne4 4. a3 Nc6 5. Nf3 d6 6. Qc2 d5 7. Nc3 Nxc3 8. Qxc3 d4 9. Qd3 Bg4 10. b4 Qe7 11. Bg5 Qe6 12. Nxd4 Qxe5 13. Qe3 Qxe3 14. Bxe3 Nxd4 15. Bxd4 a5 16. b5 O-O-O 17. e3 f6 18. f3 Be6 19. Be2 Be7 20. Kf2 Rhe8 21. c5 Bf8 22. Rac1 Bf7 23. Bc4 Bxc4 24. Rxc4 Rd5 25. Rhc1 h5 26. Ra4 Kb8 27. Rxa5 f5 28. f4 g5 29. g3 g4 30. Ra4 Re4 31. Rac4 h4 32. a4 h3 33. c6 b6 34. R1c2 Bd6 35. Ra2 Be7 36. a5 Rxb5 37. axb6 cxb6 38. c7+ Kc8 39. Ra8+ 1-0

[Event "January 9 Late 2024"]
[Site "https://www.chess.com"]
[Date "2024.01.09"]
[Round "10"]
[White "Kostiukov, Alexandr"]
[Black "Blanco Diez, David"]
[Result "1-0"]
[Board "110"]
[TimeControl "180+1"]
[WhiteFideId "14108100"]
[BlackFideId "32032927"]
[WhiteElo "2301"]
[BlackElo "2444"]
[WhiteTeam "UKR"]
[BlackTeam "ESP"]
[WhiteClock "0:00:07"]
[BlackClock "0:00:00"]

1. g3 g6 2. Bg2 Bg7 3. d4 d6 4. c4 Nf6 5. Nf3 O-O 6. O-O Nc6 7. Nc3 e5 8. dxe5 dxe5 9. Bg5 h6 10. Qxd8 Nxd8 11. Bxf6 Bxf6 12. Nd5 Bg7 13. Nxc7 Rb8 14. Rad1 Ne6 15. Nd5 e4 16. Ne7+ Kh7 17. Ne1 f5 18. b3 Nd4 19. e3 Ne2+ 20. Kh1 Nc3 21. Rd2 Be6 22. f3 Rfe8 23. Nd5 Bxd5 24. cxd5 exf3 25. Nxf3 Rbd8 26. Nh4 Rxe3 27. d6 Re6 28. Bxb7 Rexd6 29. Rc2 Rd2 30. Rf2 Rd1+ 31. Kg2 Re8 32. Ba6 Ree1 33. Nf3 Re3 34. Rcd2 Rxd2 35. Rxd2 Re6 36. Bc4 Re7 37. Rd6 Ne4 38. Ra6 Rd7 39. Nh4 1-0

[Event "January 9 Late 2024"]
[Site "https://www.chess.com"]
[Date "2024.01.09"]
[Round "10"]
[White "Slavin, Alexey"]
[Black "Koziol, Kamil"]
[Result "0-1"]
[Board "111"]
[TimeControl "180+1"]
[WhiteFideId "24104388"]
[BlackFideId "1161555"]
[WhiteElo "2285"]
[BlackElo "2425"]
[WhiteTeam "RUS"]
[BlackTeam "POL"]
[WhiteClock "0:00:00"]
[BlackClock "0:00:13"]

1. e4 c5 2. g3 d5 3. exd5 Qxd5 4. Qf3 Qxf3 5. Nxf3 Nc6 6. a3 Nf6 7. Bg2 Bf5 8. d3 e6 9. Nh4 Nd4 10. Nxf5 exf5 11. Kd1 O-O-O 12. b3 Ng4 13. Be3 g6 14. h3 Nxe3+ 15. fxe3 Ne6 16. Nd2 h5 17. Rb1 Bd6 18. Nf1 Nc7 19. Kd2 Ne8 20. Rg1 Nf6 21. Bf3 h4 22. g4 fxg4 23. Bxg4+ Kc7 24. Bf3 Rhe8 25. Rg5 b6 26. a4 Nh7 27. Rg4 Be7 28. a5 Ng5 29. Bg2 Ne6 30. axb6+ Kxb6 31. Ra1 Nc7 32. Rga4 a6 33. Nh2 f5 34. Nf3 Bf6 35. Rg1 Nd5 36. Bf1 Bc3+ 37. Kc1 Rxe3 38. Bg2 Rde8 39. Rxh4 g5 40. Rh6+ Kb5 41. Rg6 Re2 42. Rxg5 Nb4 0-1

[Event "January 9 Late 2024"]
[Site "https://www.chess.com"]
[Date "2024.01.09"]
[Round "10"]
[White "Meduri, Aakaash"]
[Black "Harish, Neeraj"]
[Result "1-0"]
[Board "112"]
[TimeControl "180+1"]
[WhiteFideId "2032252"]
[BlackFideId "30958130"]
[WhiteElo "2404"]
[BlackElo "2268"]
[WhiteTeam "USA"]
[BlackTeam "USA"]
[WhiteClock "0:00:09"]
[BlackClock "0:00:57"]

1. b4 a5 2. bxa5 Rxa5 3. g4 h5 4. gxh5 Raxh5 5. h3 d5 6. c4 Nf6 7. Qa4+ Bd7 8. Qb3 dxc4 9. Qxc4 Bc6 10. Nf3 Nbd7 11. d4 Nb6 12. Qd3 e6 13. Ba3 Bxa3 14. Nxa3 Qd6 15. Nc2 Be4 16. Qb3 Bxc2 17. Qxc2 Qb4+ 18. Qd2 Qxd2+ 19. Nxd2 Kd7 20. e4 Ra5 21. Bd3 Rha8 22. Bb1 Na4 23. Nb3 R5a7 24. h4 Nc3 25. e5 Nfd5 26. Nc5+ Ke7 27. O-O b6 28. Ne4 Nxe4 29. Bxe4 Rxa2 30. Rac1 Kd7 31. Bxd5 exd5 32. Rfd1 Rb2 33. Rc3 Raa2 34. Rf3 Ke6 35. Rc1 Rc2 36. Rb1 Rab2 37. Ra1 c5 38. dxc5 bxc5 39. Ra6+ Kxe5 40. Rxf7 d4 41. Rxg7 d3 42. Re7+ Kd4 43. Rd7+ Kc3 44. Ra3+ Rb3 45. Rxb3+ Kxb3 46. Rxd3+ Rc3 47. Rxc3+ Kxc3 48. h5 Kd2 49. h6 c4 50. h7 c3 51. h8=Q c2 52. Qb2 Kd1 53. Qxc2+ Kxc2 54. f4 Kd3 55. f5 Ke4 56. f6 Kf5 57. f7 1-0

[Event "January 9 Late 2024"]
[Site "https://www.chess.com"]
[Date "2024.01.09"]
[Round "10"]
[White "Ambrogi, Agustin"]
[Black "Abdi, Farzad"]
[Result "1-0"]
[Board "113"]
[TimeControl "180+1"]
[WhiteFideId "170933"]
[BlackFideId "2076829"]
[WhiteElo "2396"]
[BlackElo "2234"]
[WhiteTeam "ARG"]
[BlackTeam "USA"]
[WhiteClock "0:02:04"]
[BlackClock "0:01:30"]

1. e4 e5 2. d4 exd4 3. Qxd4 Nc6 4. Qd3 d6 5. Nc3 g6 6. Nf3 Bg7 7. Bg5 Nge7 8. O-O-O O-O 9. h4 Bg4 10. h5 gxh5 11. Be2 Qd7 12. Nh4 Ng6 13. f3 Nce5 14. Qe3 Be6 15. f4 Ng4 16. Qg3 f6 17. Nxg6 hxg6 18. Bh4 f5 19. Bg5 c6 20. Bxg4 fxg4 21. f5 Bf7 22. Rxd6 Qc7 23. fxg6 Bxg6 24. e5 Bf7 25. Ne4 Rae8 26. Nf6+ Bxf6 27. Bxf6 Re6 28. Qxg4+ hxg4 29. Rh8# 1-0

[Event "January 9 Late 2024"]
[Site "https://www.chess.com"]
[Date "2024.01.09"]
[Round "10"]
[White "Cardozo Munar, Carlos Eduardo"]
[Black "Mazurkiewicz, Michal"]
[Result "1-0"]
[Board "114"]
[TimeControl "180+1"]
[WhiteFideId "4409477"]
[BlackFideId "1124943"]
[WhiteElo "2235"]
[BlackElo "2423"]
[WhiteTeam "COL"]
[BlackTeam "POL"]
[WhiteClock "0:01:06"]
[BlackClock "0:00:03"]

1. g3 Nf6 2. Bg2 g6 3. Nf3 Bg7 4. O-O O-O 5. d4 d6 6. c3 c5 7. Nbd2 Nc6 8. Re1 e5 9. e4 cxd4 10. cxd4 exd4 11. Nb3 Bg4 12. Nbxd4 Nxd4 13. Qxd4 Re8 14. Bg5 h6 15. Bf4 Nxe4 16. Qb4 d5 17. Rad1 Qb6 18. Qxb6 axb6 19. Rxd5 Be6 20. Rb5 f5 21. Rxb6 Bd5 22. Rxg6 Kh7 23. Nh4 Rxa2 24. f3 Bd4+ 25. Be3 Ng5 26. Bxd4 Rxe1+ 27. Kf2 Re7 28. Nxf5 Rf7 29. Rxh6+ Kg8 30. Rh8# 1-0

[Event "January 9 Late 2024"]
[Site "https://www.chess.com"]
[Date "2024.01.09"]
[Round "10"]
[White "Rubio Tent, Francisco"]
[Black "Rodriguez Dominguez, Melissa"]
[Result "1-0"]
[Board "115"]
[TimeControl "180+1"]
[WhiteFideId "2238233"]
[BlackFideId "3517560"]
[WhiteElo "2395"]
[BlackElo "2244"]
[WhiteTeam "ESP"]
[BlackTeam "CUB"]
[WhiteClock "0:02:00"]
[BlackClock "0:02:00"]

1. d4 d5 2. Bf4 c5 3. e3 Nf6 4. c3 Nc6 5. Nd2 Bg4 6. Qb3 c4 7. Qxb7 Na5 8. Qc7 Qxc7 9. Bxc7 Nc6 10. f3 Bf5 11. g4 Bd7 12. h4 h5 13. g5 Nh7 14. Nh3 f6 15. g6 Bxh3 16. Bxh3 Ng5 17. hxg5 fxg5 18. Be6 h4 19. Bxd5 Kd7 20. Bh2 e5 1-0

[Event "January 9 Late 2024"]
[Site "https://www.chess.com"]
[Date "2024.01.09"]
[Round "10"]
[White "Ferriz Barrios, Andres"]
[Black "Stachanczyk, Jacek"]
[Result "1-0"]
[Board "116"]
[TimeControl "180+1"]
[WhiteFideId "5104467"]
[BlackFideId "1116657"]
[WhiteElo "2247"]
[BlackElo "2386"]
[WhiteTeam "MEX"]
[BlackTeam "POL"]
[WhiteClock "0:02:36"]
[BlackClock "0:00:58"]

1. d4 d5 2. Nf3 Nf6 3. e3 Bg4 4. h3 Bxf3 5. Qxf3 c6 6. Nd2 e6 7. b3 Bd6 8. Bd3 O-O 9. O-O Nbd7 10. e4 dxe4 11. Nxe4 Nxe4 12. Qxe4 Nf6 13. Qh4 Be7 14. Re1 a5 15. Bg5 h6 16. Bxh6 gxh6 17. Qxh6 a4 18. Re5 Ra5 19. Rae1 Bd6 20. R1e3 1-0

[Event "January 9 Late 2024"]
[Site "https://www.chess.com"]
[Date "2024.01.09"]
[Round "10"]
[White "Poddubnyi, Viktor"]
[Black "Svicevic, Rastko"]
[Result "1-0"]
[Board "117"]
[TimeControl "180+1"]
[WhiteFideId "4141989"]
[BlackFideId "916315"]
[WhiteElo "2382"]
[BlackElo "2243"]
[WhiteTeam "RUS"]
[BlackTeam "SRB"]
[WhiteClock "0:00:17"]
[BlackClock "0:01:06"]

1. e4 b6 2. c4 Bb7 3. Nc3 c5 4. Nf3 Nc6 5. g3 g6 6. Bg2 Bg7 7. O-O e6 8. d3 Nge7 9. h3 O-O 10. Kh2 d5 11. exd5 exd5 12. Bf4 Nd4 13. Nxd4 cxd4 14. Nb5 Qd7 15. Nc7 Rac8 16. Nxd5 Nxd5 17. cxd5 Bxd5 18. Bxd5 Qxd5 19. Qa4 Qf3 20. Kg1 Rc5 21. Bd6 Ra5 22. Qd1 Qxd1 23. Rfxd1 Rd8 24. Ba3 Bh6 25. Re1 Rad5 26. Re7 R5d7 27. Rae1 Bf8 28. Rxd7 Rxd7 29. Re8 1-0

[Event "January 9 Late 2024"]
[Site "https://www.chess.com"]
[Date "2024.01.09"]
[Round "10"]
[White "Glashausser, Sho"]
[Black "Sanchez Alvares, Kelvin Antonio"]
[Result "1-0"]
[Board "118"]
[TimeControl "180+1"]
[WhiteFideId "30908329"]
[BlackFideId "3906680"]
[WhiteElo "2187"]
[BlackElo "2335"]
[WhiteTeam "USA"]
[BlackTeam "VEN"]
[WhiteClock "0:00:02"]
[BlackClock "0:00:00"]

1. Nf3 d5 2. g3 Nf6 3. Bg2 c6 4. O-O h6 5. c4 Bf5 6. Qb3 Qb6 7. d3 e6 8. cxd5 exd5 9. Be3 Qxb3 10. axb3 Na6 11. Nd4 Bg6 12. Nxc6 Bd6 13. Nxa7 O-O 14. Nb5 Bc5 15. Rxa6 bxa6 16. Bxc5 Rfc8 17. b4 axb5 18. Nc3 Rab8 19. Nxd5 Nxd5 20. Bxd5 Bf5 21. Ra1 Bg4 22. Ra7 Bxe2 23. Rxf7 Kh7 24. Bd4 Rg8 25. Re7 Bxd3 26. Bxg8+ Rxg8 27. f4 Bc4 28. Kf2 Kg6 29. g4 h5 30. gxh5+ Kxh5 31. Rxg7 Rd8 32. Bf6 Rd2+ 33. Kg3 Bd5 34. Rg5+ Kh6 35. Kg4 Be6+ 36. f5 1-0

[Event "January 9 Late 2024"]
[Site "https://www.chess.com"]
[Date "2024.01.09"]
[Round "10"]
[White "Sailer, Mike"]
[Black "Korol, Dimitry"]
[Result "0-1"]
[Board "119"]
[TimeControl "180+1"]
[WhiteFideId "2012901"]
[BlackFideId "14108003"]
[WhiteElo "2209"]
[BlackElo "2332"]
[WhiteTeam "USA"]
[BlackTeam "UKR"]
[WhiteClock "0:00:00"]
[BlackClock "0:00:20"]

1. d4 Nf6 2. Bf4 c5 3. e3 Qb6 4. Nc3 Qxb2 5. Nb5 Nd5 6. Rb1 Qxa2 7. Ra1 Qb2 8. Bc4 Qb4+ 9. c3 Qxc4 10. Bxb8 Qxb5 11. Bxa7 Nxc3 12. Qd2 cxd4 13. exd4 e6 14. Rc1 Rxa7 15. Rxc3 Ra8 16. Ne2 Bb4 17. O-O Bxc3 18. Nxc3 Qa6 19. d5 O-O 20. d6 b5 21. f4 Bb7 22. f5 Qc6 23. f6 b4 24. Qg5 Qxg2+ 25. Qxg2 Bxg2 26. Rf2 bxc3 27. Rxg2 g6 0-1

[Event "January 9 Late 2024"]
[Site "https://www.chess.com"]
[Date "2024.01.09"]
[Round "10"]
[White "Vila Dupla, Aurelio"]
[Black "Bonin, Jay"]
[Result "1/2-1/2"]
[Board "120"]
[TimeControl "180+1"]
[WhiteFideId "2203383"]
[BlackFideId "2000644"]
[WhiteElo "2165"]
[BlackElo "2317"]
[WhiteTeam "ESP"]
[BlackTeam "USA"]
[WhiteClock "0:01:57"]
[BlackClock "0:01:45"]

1. Nf3 Nf6 2. d4 d6 3. g3 g6 4. Bg2 Bg7 5. O-O O-O 6. c4 c6 7. Nc3 Qa5 8. e4 e5 9. dxe5 dxe5 10. Qc2 h6 11. a3 Be6 12. b4 Qc7 13. c5 Nbd7 14. h3 Rfd8 15. Be3 Bc4 16. Rfd1 Nf8 17. Bf1 Bxf1 18. Kxf1 Ne6 19. Ne2 a5 20. Rxd8+ Rxd8 21. Kg2 Ra8 22. Rd1 axb4 23. axb4 Ra3 24. Qc1 Rb3 25. Qc4 Ra3 26. Qc1 Rb3 27. Qc4 Ra3 28. Qc1 1/2-1/2

[Event "January 9 Late 2024"]
[Site "https://www.chess.com"]
[Date "2024.01.09"]
[Round "10"]
[White "Ottosen, David"]
[Black "Ardila, Oscar Humberto"]
[Result "1-0"]
[Board "121"]
[TimeControl "180+1"]
[WhiteFideId "2603080"]
[BlackFideId "4404742"]
[WhiteElo "2161"]
[BlackElo "2312"]
[WhiteTeam "CAN"]
[BlackTeam "COL"]
[WhiteClock "0:00:39"]
[BlackClock "0:00:06"]

1. e4 e5 2. Nf3 Nf6 3. Bc4 Nxe4 4. Nc3 Nf6 5. Nxe5 d5 6. Bb3 c6 7. d4 Nbd7 8. O-O Be7 9. f4 O-O 10. Ne2 Ne4 11. c3 f6 12. Nf3 Re8 13. Bc2 Bd6 14. Qd3 Nf8 15. Ng3 Qc7 16. Ne5 fxe5 17. fxe5 Be7 18. Nxe4 dxe4 19. Qxe4 g6 20. Bh6 Be6 21. Rf2 Qd7 22. Raf1 Qd5 23. Qxd5 cxd5 24. Ba4 Red8 25. Bc2 b5 26. Bd3 a6 27. a3 Nd7 28. h3 Bf8 29. Bd2 Bg7 30. g4 Rf8 31. Kg2 Rxf2+ 32. Rxf2 Rf8 33. Rxf8+ Bxf8 34. a4 bxa4 35. Bxa6 a3 36. bxa3 Bxa3 37. Bb5 Nb6 38. Kf3 Nc4 39. Bxc4 dxc4 40. Ke4 h5 41. gxh5 gxh5 42. d5 Bxh3 43. Kd4 Bf1 44. Bg5 Kf7 45. e6+ Ke8 46. Ke5 Bb2 47. d6 Bxc3+ 48. Kd5 Bg2+ 49. Kxc4 Bc6 50. Kxc3 Kf8 51. Kc4 Ke8 52. Kc5 Ba4 53. Kb6 Kf8 54. Kc7 Ke8 55. d7+ Bxd7 56. exd7+ Kf7 57. d8=Q 1-0

[Event "January 9 Late 2024"]
[Site "https://www.chess.com"]
[Date "2024.01.09"]
[Round "10"]
[White "Michalski, Olaf"]
[Black "Sultanbek, Zeinep"]
[Result "0-1"]
[Board "122"]
[TimeControl "180+1"]
[WhiteFideId "1106740"]
[BlackFideId "13710419"]
[WhiteElo "2161"]
[BlackElo "2303"]
[WhiteTeam "POL"]
[BlackTeam "KAZ"]
[WhiteClock "0:00:00"]
[BlackClock "0:00:16"]

1. d4 d5 2. c4 e6 3. Nc3 c6 4. e4 dxe4 5. Nxe4 Bb4+ 6. Nc3 c5 7. d5 exd5 8. cxd5 Nf6 9. Qe2+ Qe7 10. Qxe7+ Kxe7 11. Bg5 h6 12. d6+ Kxd6 13. O-O-O+ Kc6 14. Bb5+ Kb6 15. Bxf6 gxf6 16. Nd5+ Kxb5 17. Nc7+ Kc6 18. Nxa8 Bg4 19. f3 Be6 20. a3 Ba5 21. b4 cxb4 22. axb4 Bxb4 23. Ne2 Bc5 24. Kb2 Nd7 0-1